 Dungeon Crawl Stone Soup version 0.31.0-11-ge490571c62 (webtiles) character file.

Game seed: 8947898279377028480

774 dialectric the Covert (level 7, 0/36 HPs)
             Began as a Spriggan Delver on Feb 4, 2024.
             Was a Believer of Ashenzari.
             Slain by a wyvern (3 damage)
             ... on level 9 of the Dungeon.
             The game lasted 00:10:28 (4480 turns).

dialectric the Covert (Spriggan Delver)             Turns: 4480, Time: 00:10:29

Health: 0/36       AC:  5    Str:  8    XL:     7   Next: 53%
Magic:  8/8        EV: 20    Int: 12    God:    Ashenzari [**....]
Gold:   320        SH:  0    Dex: 18    Spells: 6/6 levels left

rFire   + . .        i - +0 rapier
rCold   . . .        (no shield)
rNeg    . . .        b - +0 robe
rPois   .            m - +2 hat of the Visionary Cosmos {Cun, Sorc} (curse)
rElec   .            w - +0 cloak
rCorr   .            (gloves unavailable)
SInv    +            (boots unavailable)
Will    ++...        q - amulet of the Enlightened Sun {Acrobat Will+, Dev, Comp} (curse)
Stlth   +++++        k - ring "Circumscribed With Me" {rF+, Dev, Comp} (curse)
HPRegen 0.26/turn    (no ring)
MPRegen 0.11/turn

%: acrobat
@: mighty, very quick
A: very small, no large weapons, unfitting armour, see invisible, speed 3
a: Renounce Religion, Curse Item, Shatter the Chains


You were on level 9 of the Dungeon.
You worshipped Ashenzari.
Ashenzari was pleased with you.
You visited 1 branch of the dungeon, and saw 9 of its levels.

You collected 320 gold pieces.

Inventory:

Hand Weapons
 a - a +0 short sword
 i - a +0 rapier (weapon)
Missiles
 u - 2 poisoned darts (quivered)
 F - 2 throwing nets
Armour
 b - a +0 robe (worn)
 m - the cursed +2 hat of the Visionary Cosmos (worn) {Cun, Sorc}
   (You found it on level 4 of the Dungeon)

   It has a curse which improves the following skills: Cunning: Dodging and
   Stealth.
   Sorcery:   Conjurations and Alchemy.
 n - an orb of light
 w - a +0 cloak (worn)
Jewellery
 k - the cursed ring "Circumscribed With Me" (left hand) {rF+, Dev, Comp}
   (You found it on level 2 of the Dungeon)

   [ring of protection from fire]

   rF+:       It protects you from fire.
   It has a curse which improves the following skills: Devices: Evocations and
   Shapeshifting.
   Companions: Summonings and Necromancy.
 q - the cursed amulet of the Enlightened Sun (around neck) {Acrobat Will+, Dev, Comp}
   (You acquired it on level 2 of the Dungeon)

   [amulet of the acrobat]

   Acrobat:   It increases your evasion while moving and waiting.
   Will+:     It increases your willpower.
   It has a curse which improves the following skills: Devices: Evocations and
   Shapeshifting.
   Companions: Summonings and Necromancy.
 y - a ring of positive energy
Talismans
 H - a dragon-blood talisman
Wands
 g - a wand of digging (2)
 E - a wand of mindburst (9)
Scrolls
 c - a scroll of fog
 d - 4 scrolls of revelation
 e - 4 scrolls of fear
 l - a scroll of immolation
 o - 2 scrolls of noise
 r - 3 scrolls of identify
 s - 5 scrolls of vulnerability
 t - a scroll of teleportation
 x - a scroll of blinking
 C - 2 scrolls of brand weapon
 D - 2 scrolls of enchant armour
 G - a scroll of amnesia
Potions
 f - 2 potions of haste
 h - a potion of brilliance
 j - 3 potions of attraction
 p - a potion of mutation
 v - 2 potions of curing
 z - a potion of heal wounds
 B - 2 potions of magic


   Skills:
 + Level 3.2 Fighting
 + Level 5.2 Short Blades
 + Level 1.1 Throwing
 + Level 4.6(5.7) Dodging
 + Level 11.0(12.2) Stealth
 * Level 2.4(3.8) Evocations


You had 6 spell levels left.
You didn't know any spells.
Your spell library contained the following spells:

 Spells                   Type           Power      Damage    Failure   Level
 Necrotise                Necr           0%         1d4       30%         1
 Summon Small Mammal      Summ           0%         N/A       30%         1
 Apportation              Tloc           0%         N/A       32%         1
 Sting                    Conj/Alch      0%         1d3       32%         1
 Cigotuvi's Dreadful Rot  Necr/Alch/Air  0%         N/A       43%         2
 Tukima's Dance           Hex            0%         N/A       69%         3
 Ignite Poison            Fire/Alch      0%         N/A       97%         4
 Passage of Golubria      Tloc           0%         N/A       97%         4
 Freezing Cloud           Conj/Ice/Air   0%         6-21      100%        5
 Yara's Violent Unravell  Hex/Alch       0%         3d3       100%        5


Dungeon Overview and Level Annotations

Branches:
Dungeon (9/15)             Temple (0/1) D:7
   Lair: D:8-11         Orc: D:9-12

Altars:
Ashenzari
Gozag
Sif Muna
Uskayaw
Vehumet
Wu Jian
Xom
The Shining One

Shops:
D:5 *

Annotations:
D:3 Ijyb
D:5 Grinder
D:6 Maggie
D:7 Pikel


Innate Abilities, Weirdness & Mutations

You are very small and have problems with some larger weapons.
You are too small for most types of armour.
You have supernaturally acute eyesight. (SInv)
You cover ground extremely quickly. (Speed+++)


Message History

You now have 320 gold pieces (gained 11).
You see here a dragon-blood talisman.
H - a dragon-blood talisman The wyvern attacks as it pursues you!
The wyvern misses you.
Found a stone staircase leading down.
The centaur shoots an arrow.
The arrow misses you.
The centaur shoots an arrow.
The arrow misses you.
The centaur shoots an arrow.
The arrow completely misses you.
The centaur shoots an arrow.
The arrow completely misses you.
The centaur shoots an arrow.
The arrow completely misses you.
The centaur shoots an arrow.
The arrow closely misses you.
The centaur shoots an arrow.
The arrow completely misses you.
The centaur shoots an arrow.
The arrow hits you!
There is a stone staircase leading down here.
The wyvern misses you.
You climb downwards.
There is a stone staircase leading up here.
Unknown command.
You hit the wyvern but do no damage. The wyvern barely misses you.
The wyvern misses you.
You feel very mighty all of a sudden. The wyvern misses you.
You hit the wyvern.
The wyvern is moderately wounded.
The wyvern closely misses you. The wyvern barely misses you.
You closely miss the wyvern. Your punch misses the wyvern.
The wyvern is moderately wounded.
The wyvern completely misses you.
You puncture the wyvern!
The wyvern is severely wounded.
The wyvern barely misses you. The wyvern completely misses you.
You hit the wyvern.
The wyvern is severely wounded.
The wyvern bites you!!
Ouch! That really hurt!
* * * LOW HITPOINT WARNING * * *
You barely miss the wyvern.
The wyvern is severely wounded.
The wyvern bites you.
You die...

###
..#
#.#
#k#
#@#
###


You could see a wyvern.

Vanquished Creatures
  2 ice beasts (D:6)
  An ogre (D:4)
  3 scorpions
  A bombardier beetle (D:3)
  A hound (D:4)
  2 jellies
  2 iguanas
  6 adders
  A shadow imp (D:7)
  A ribbon worm (D:3)
  8 orcs
  10 ball pythons
  2 bats
  9 endoplasms
  7 goblins
  10 hobgoblins
  9 kobolds
  2 quokkas
  2 frilled lizards
  5 rats
84 creatures vanquished.

Notes
Turn   | Place    | Note
-------+----------+-------------------------------------------
     0 | D:5      | dialectric the Spriggan Delver began the quest for the Orb.
     0 | D:5      | Reached XP level 1. HP: 11/11 MP: 2/2
    13 | D:5      | Found a broken altar of Ashenzari.
    22 | D:5      | Became a worshipper of Ashenzari the Shackled
    35 | D:5      | Noticed a scorpion
    37 | D:5      | Noticed a scorpion
    40 | D:5      | Noticed an orc wizard
   145 | D:4      | Found a radiant altar of Vehumet.
   248 | D:4      | Reached XP level 2. HP: 15/16 MP: 3/3
   499 | D:3      | Found a faded altar of an unknown god.
   541 | D:3      | Noticed Ijyb
   624 | D:3      | Found a glowing golden altar of the Shining One.
   624 | D:3      | Found a shimmering blue altar of Sif Muna.
   670 | D:3      | Reached skill level 8 in Stealth
   755 | D:3      | Identified the cursed +2 hat of the Visionary Cosmos {Cun,
                  | Sorc} (You found it on level 4 of the Dungeon)
   866 | D:2      | Reached XP level 3. HP: 19/19 MP: 4/4
  1094 | D:2      | Reached * piety under Ashenzari
  1094 | D:2      | Identified a scroll of acquirement
  1220 | D:2      | Acquired the amulet "Soladuje" {Acrobat Will+}
  1346 | D:2      | Reached skill level 1 in Evocations
  1567 | D:1      | Reached XP level 4. HP: 23/23 MP: 5/5
  2472 | D:3      | Reached skill level 9 in Stealth
  2669 | D:3      | Reached XP level 5. HP: 27/27 MP: 6/6
  2864 | D:4      | Noticed a black bear
  2943 | D:4      | Noticed an ogre
  2945 | D:4      | Killed an ogre
  3013 | D:4      | Reached XP level 6. HP: 30/32 MP: 7/7
  3075 | D:4      | Reached ** piety under Ashenzari
  3243 | D:5      | Noticed Grinder
  3243 | D:5      | Found Teim's Assorted Antiques.
  3251 | D:5      | Reached skill level 10 in Stealth
  3694 | D:6      | Found an opulent altar of Gozag.
  3704 | D:6      | Noticed Maggie
  3723 | D:6      | Noticed an ice beast
  3729 | D:6      | Killed an ice beast
  3730 | D:6      | Reached XP level 7. HP: 36/36 MP: 8/8
  3777 | D:6      | Reached skill level 5 in Short Blades
  3797 | D:6      | Found an ornate altar of the Wu Jian Council.
  3991 | D:7      | Found a staircase to the Ecumenical Temple.
  4007 | D:7      | Noticed Pikel
  4012 | D:7      | Reached skill level 11 in Stealth
  4035 | D:7      | Found a shimmering altar of Xom.
  4050 | D:7      | Reached skill level 1 in Throwing
  4112 | D:7      | Found a hide-covered altar of Uskayaw.
  4416 | D:8      | Noticed a wyvern
  4480 | D:9      | Slain by a wyvern

Illustrated notes

Levels and vault maps discovered:
D:1:      elethiomel_arrival_quiet, layout_loops_corners, minmay_pentomino_u2
D:2:      minmay_wonky_spiral, layout_basic, kennysheep_decorative_pillar,
          kennysheep_generic_room_14
D:3:      layout_loops_cross, amethyst_overflow_temple_binary,
          hellmonk_ecumenical_altar_leap_of_faith, minmay_distorted, uniq_ijyb
D:4:      layout_basic, vehumet_altar_wand_db, grunt_decor_one_mirror
D:5:      layout_rooms, mainiacjoe_overflow_alcove_2, serial_shops,
          nicolae_stop_n_shop_1, uniq_grinder
D:6:      layout_loops_ring, mainiacjoe_overflow_chevrons,
          kennysheep_little_box, nicolae_gozag_seed_capital,
          nicolae_concentric_dashed_squares_mild, uniq_maggie
D:7:      layout_basic, mainiacjoe_overflow_large_starburst,
          nicolae_overflow_hidden_temple, minmay_temple_entry_ruins,
          ebering_ghost_inner_flame, uniq_crazy_yiuf_cottage, uniq_menkaure,
          uniq_pikel
D:8:      minmay_the_grid_plus [minmay_the_grid_plusring,
          minmay_the_grid_minigrid_medium, minmay_the_grid_dragon_b,
          minmay_the_grid_odd_star, minmay_the_grid_prize_diamond_cup],
          layout_loops_corners
D:9:      layout_basic, uniq_psyche

Skill      XL: |  1  2  3  4  5  6  7 |
---------------+----------------------+-----
Stealth        | 8 9 10 11 | 11.0
Evocations     | 1 2 |  2.4
Dodging        | 3 4 |  4.6
Short Blades   | 3 4 5 |  5.2
Fighting       | 3 |  3.2
Throwing       | 1 |  1.1

Action                     |  1- 3 |  4- 6 |  7- 9 || total
---------------------------+-------+-------+-------++-------
  Melee: Rapier            |    67 |   112 |    50 ||   229
         Punch             |     1 |     2 |       ||     3
  Throw: Dart              |       |     6 |     9 ||    15
 Invoke: Curse Item        |     2 |     1 |       ||     3
  Evoke: Wand              |    17 |     8 |     1 ||    26
    Use: Scroll            |     4 |       |       ||     4
         Potion            |       |     1 |     1 ||     2
   Stab: Sleeping          |    15 |    15 |     1 ||    31
         Distracted        |     1 |     3 |       ||     4
 Armour: Robe              |    18 |    26 |    18 ||    62
         Skin              |       |     6 |       ||     6
  Dodge: Dodged            |    48 |   109 |    74 ||   231
